 Dungeon Crawl Stone Soup version 0.29.1-14-g9c671dbff4 (webtiles) character file.

Game seed: 4800077501608051456

226 leafyfresh the Ducker (level 6, -3/40 HPs)
             Began as a Djinni Ice Elementalist on Feb 18, 2023.
             Slain by a gnoll
             ... wielding a +0 spear
              (4 damage)
             ... on level 4 of the Dungeon.
             The game lasted 00:07:17 (4563 turns).

leafyfresh the Ducker (Djinni Ice Elementalist)     Turns: 4563, Time: 00:07:18

Health: -3/40      AC:  4    Str:  7    XL:     6   Next: 22%
Gold:   94         EV: 14    Int: 18    God:
                   SH:  0    Dex: 14

rFire   + + .      SeeInvis .   l - +0 short sword (venom)
rCold   x . .      Faith    .   (no shield)
rNeg    . . .      Spirit   .   a - +0 robe
rPois   ∞          Reflect  .   (no helmet)
rElec   .          Harm     .   n - +2 cloak
rCorr   .          Rampage  .   (no gloves)
Will    .....      Rnd*Tele +   (boots unavailable)
Stlth   ++........              (no amulet)
HPRegen 0.13/turn               (no ring)
MPRegen 0.00/turn               (no ring)

@: flying
A: sickness immunity, fire resistance 2, cold vulnerability 1, float, innate
caster, HP casting, extra vitality 1, deformed body, teleportitis 1, no potion
heal 1, devolution 1
a: no special abilities


You were on level 4 of the Dungeon.
You visited 1 branch of the dungeon, and saw 4 of its levels.

You collected 94 gold pieces.

Inventory:

Hand Weapons
 c - a +0 dagger
 l - a +0 short sword of venom (weapon)
Armour
 a - a +0 robe (worn)
 n - a +2 cloak (worn)
Magical Staves
 e - a staff of earth
Wands
 p - a wand of polymorph (3)
Scrolls
 b - 7 scrolls of identify {unknown}
 d - a scroll of vulnerability {unknown}
 h - 3 scrolls of teleportation {unknown}
 i - a scroll of butterflies {unknown}
 k - a scroll of immolation {unknown}
 m - a scroll of blinking {unknown}
 o - a scroll of fear {unknown}
Potions
 f - a potion of curing {unknown}
 g - 2 potions of might
 j - a potion of heal wounds


   Skills:
 + Level 4.9 Dodging
 - Level 1.5 Stealth
 + Level 4.5 Spellcasting


You couldn't memorise any spells.
You knew the following spells:

 Your Spells              Type           Power      Damage    Failure   Level
a - Freeze                Ice            80%        1d9       2%          1
b - Frozen Ramparts       Ice            40%        1d7       6%          3
c - Ozocubu's Armour      Ice            20%        N/A       6%          3
d - Hailstorm             Conj/Ice       20%        3d6       22%         4
e - Beastly Appendage     Tmut           40%        N/A       2%          1
f - Wereblood             Tmut           20%        N/A       3%          2
Your spell library was empty.

Dungeon Overview and Level Annotations

Branches:
Dungeon (4/15)
 Temple: D:4-7

Altars:
Zin

Shops:
D:2 ((


Innate Abilities, Weirdness & Mutations

You are immune to sickness and miasma.
You are immune to poison.
Your flesh is very heat resistant. (rF++)
You are vulnerable to cold. (rC-)
You float through the air rather than walking.
You learn spells naturally, not from books.
Your magical power is your life essence.
You have superior vitality. (+4 MHP)
Armour fits poorly on your strangely shaped body.
You are occasionally teleported next to monsters.
Potions are less effective at restoring your health.
You have hidden genetic defects.


Message History

The gnoll hits you from afar with a +0 spear!
The gnoll completely misses you.
You are too injured to fight recklessly!
There are monsters nearby!
You are too injured to fight recklessly!
There are monsters nearby!
Unknown command.
You hit the gnoll.
The gnoll is poisoned.
The gnoll is lightly wounded.
The gnoll completely misses you. The gnoll misses you.
The gnoll barely misses you.
You barely miss the gnoll.
The gnoll is lightly wounded.
The gnoll barely misses you.
The gnoll hits you from afar with a +0 spear.
* * * LOW HITPOINT WARNING * * *
The gnoll misses you.
You barely miss the gnoll.
The gnoll is lightly wounded.
The gnoll closely misses you. x2
The gnoll hits you from afar with a +0 spear.
* * * LOW HITPOINT WARNING * * *
You hit the gnoll.
The gnoll looks as sick as possible!
The gnoll is moderately wounded.
The gnoll hits you with a +0 club.
* * * LOW HITPOINT WARNING * * *
The gnoll closely misses you. The gnoll barely misses you.
The gnoll misses you. The gnoll barely misses you.
The gnoll hits you from afar with a +0 spear.
* * * LOW HITPOINT WARNING * * *
You hit the gnoll but do no damage.
The gnoll looks as sick as possible!
The gnoll is moderately wounded.
The gnoll barely misses you. The gnoll misses you.
The gnoll completely misses you.
You closely miss the gnoll.
The gnoll is severely wounded.
The gnoll hits you with a +0 club.
* * * LOW HITPOINT WARNING * * *
The gnoll hits you from afar with a +0 spear.
You die...

... ###......
..####........
..............
#.............
##.###......... +
##..##.........#
#.#####.<##....).....#
#....#....#.........##
#..gg@#............##
#..g#####.........##
#.# ####....### ..
#......# # #####...
##.


You could see 3 gnolls.

Vanquished Creatures
  An ogre (D:3)
  A phantom (D:3)
  An adder (D:2)
  A dart slug (D:2)
  A worm (D:2)
  5 endoplasms
  3 giant cockroaches
  3 goblins
  7 hobgoblins
  3 jackals (D:3)
  2 quokkas
  4 ball pythons
  5 bats
  2 frilled lizards
  8 kobolds
  5 rats
52 creatures vanquished.

Notes
Turn   | Place    | Note
-------+----------+-------------------------------------------
     0 | D:1      | leafyfresh the Djinni Ice Elementalist began the quest for
                  | the Orb.
     0 | D:1      | leafyfresh set off with the following spells memorised:
                  | Freeze, Frozen Ramparts, Ozocubu's Armour, Hailstorm.
     0 | D:1      | Reached XP level 1. HP: 15/15 MP: 0/0
   632 | D:1      | Reached XP level 2. HP: 18/21 MP: 0/0
  1284 | D:1      | Found a faded altar of an unknown god.
  1894 | D:2      | Reached XP level 3. HP: 23/25 MP: 0/0
  1894 | D:2      | Learned a level 1 spell: Beastly Appendage
  2576 | D:2      | Found Kerel's Weapon Boutique.
  2708 | D:2      | Found Ubeanaok's Antique Weapon Emporium.
  3335 | D:3      | Found a glowing silver altar of Zin.
  3337 | D:3      | Noticed an ogre
  3350 | D:3      | Reached XP level 4. HP: 18/31 MP: 0/0
  3353 | D:3      | Killed an ogre
  3354 | D:3      | Reached XP level 5. HP: 12/35 MP: 0/0
  3354 | D:3      | Learned a level 2 spell: Wereblood
  3958 | D:3      | Identified the +6 ring mail "Ryl Esef" {rF+ Str-2 Int+2}
  4284 | D:4      | Noticed a phantom
  4324 | D:3      | Gained mutation: Armour fits poorly on your strangely
                  | shaped body. [potion of mutation]
  4324 | D:3      | Gained mutation: Potions are less effective at restoring
                  | your health. [potion of mutation]
  4324 | D:3      | Gained mutation: Your spells are a little harder to cast,
                  | but a little more powerful. [potion of mutation]
  4329 | D:3      | Killed a phantom
  4330 | D:3      | Reached XP level 6. HP: 16/40 MP: 0/0
  4514 | D:3      | Lost mutation: Your spells are a little harder to cast, but
                  | a little more powerful. [potion of mutation]
  4514 | D:3      | Lost mutation: Armour fits poorly on your strangely shaped
                  | body. [potion of mutation]
  4514 | D:3      | Gained mutation: Armour fits poorly on your strangely
                  | shaped body. [potion of mutation]
  4514 | D:3      | Gained mutation: You are occasionally teleported next to
                  | monsters. [potion of mutation]
  4514 | D:3      | Gained mutation: You have hidden genetic defects. [potion
                  | of mutation]
  4563 | D:4      | HP: 1/40 [gnoll/+0 club (3)]
  4563 | D:4      | Slain by a gnoll

Illustrated notes

Levels and vault maps discovered:
D:1:      lightli_arrival_boilingwater, layout_loops_ring,
          shapermc_ecumenical_altar_mp_urbaneastern
D:2:      layout_basic, serial_shops, shop, nicolae_shop_advertising_works
          [nicolae_subvault_shop_adworks], hangedman_decor_slide_cut
D:3:      layout_basic, mainiacjoe_overflow_cross_hatched,
          hangedman_decor_riveting
D:4:      layout_cave_pods, old_standard_altar,
          minmay_temple_entry_glassed_door, uniq_eustachio

Skill      XL: |  1  2  3  4 |
---------------+-------------+-----
Dodging        | 3 4 |  4.9
Spellcasting   | 4 |  4.5
Stealth        | |  1.5

Action                   |  1- 3 |  4- 6 || total
-------------------------+-------+-------++-------
Melee: Dagger            |   114 |       ||   114
       Unarmed           |     9 |       ||     9
       Short sword       |     9 |    71 ||    80
       Headbutt          |       |     5 ||     5
       Punch             |       |     1 ||     1
 Cast: Freeze            |    16 |     3 ||    19
       Frozen Ramparts   |     1 |     1 ||     2
       Hailstorm         |       |     1 ||     1
       Ozocubu's Armour  |       |     2 ||     2
       Beastly Appendage |       |     2 ||     2
  Use: Potion            |       |     4 ||     4
 Stab: Sleeping          |     5 |     2 ||     7
Armor: Robe              |    35 |    14 ||    49
Dodge: Dodged            |    96 |    82 ||   178
